 Dungeon Crawl Stone Soup version 0.24.0-123-gd5b16e6ec5 (webtiles) character file.

Game seed: 8737962654097493905, levelgen mode: deterministic

55 vurker the Gusty (level 3, -2/22 HPs)
             Began as an Octopode Air Elementalist on Jan 19, 2020.
             Slain by a centaur skeleton (8 damage)
             ... on level 4 of the Dungeon.
             The game lasted 00:02:22 (1761 turns).

vurker the Gusty (Octopode Air Elementalist)        Turns: 1761, Time: 00:02:23

Health: -2/22      AC:  1    Str:  7    XL:     3   Next: 93%
Magic:  0/6        EV: 13    Int: 18    God:
Gold:   49         SH:  0    Dex: 12    Spells: 6/7 levels left

rFire    . . .     SeeInvis .   d - +0 dagger
rCold    . . .     Gourm    .   (no shield)
rNeg     . . .     Faith    .   (helmet restricted)
rPois    .         Spirit   .   (no amulet)
rElec    .         Reflect  .   b - ring of stealth
rCorr    .         Harm     .   (no ring)
MR       .....                  (no ring)
Stlth    ++++......             (no ring)
HPRegen  0.07/turn              (no ring)
MPRegen  0.10/turn              (no ring)
                                (no ring)
                                (no ring)

@: very slightly contaminated
A: almost no armour, stealthy swim, amphibious, 8 rings, constrict 8, camouflage
1, gelatinous body 1
a: no special abilities


You were on level 4 of the Dungeon.
You were not hungry.

You visited 1 branch of the dungeon, and saw 3 of its levels.

You collected 49 gold pieces.

Inventory:

Hand Weapons
 d - a +0 dagger (weapon)
   (You took it off a goblin on level 1 of the Dungeon)
Jewellery
 b - a ring of stealth (left tentacle)
   (You found it on level 1 of the Dungeon)
Scrolls
 h - a scroll of remove curse {unknown}
 i - a scroll of immolation {unknown}
 j - a scroll of magic mapping {unknown}
 k - a scroll of identify {unknown}
Potions
 a - a potion of cancellation {unknown}
 c - 2 potions of haste {unknown}
 f - a potion of berserk rage {unknown}
 g - 4 potions of curing {unknown}
Comestibles
 e - 3 rations


   Skills:
 + Level 0.8 Fighting
 - Level 2.0 Dodging
 - Level 2.6 Stealth
 * Level 2.6 Spellcasting
 * Level 2.1 Conjurations
 * Level 3.5 Air Magic


You had 6 spell levels left.
You knew the following spells:

 Your Spells              Type           Power        Failure   Level  Hunger
a - Shock                 Conj/Air       ##..         5%          1    #......

Your spell library contained the following spells:

 Spells                   Type           Power        Failure   Level  Hunger
 Swiftness                Chrm/Air       #.......     12%         2    ##.....
 Static Discharge         Conj/Air       ##......     16%         3    ###....
 Airstrike                Air            ###.......   36%         4    #####..
 Lightning Bolt           Conj/Air       ##........   83%         5    ######.


Dungeon Overview and Level Annotations

Branches:
Dungeon (2/15)

Altars:
Ashenzari


Innate Abilities, Weirdness & Mutations

You cannot wear most types of armour.
You are very stealthy in the water. (Stealth+)
You are amphibious.
You can wear up to eight rings at the same time.
You can use your tentacles to constrict eight enemies at once.
Your skin changes colour to match your surroundings (Stealth+).
Your rubbery body absorbs attacks. (AC +1, EV +1)


Message History

g - 4 sedimented orange potions (gained 1)
Found 7 gold pieces.
A giant cockroach comes into view.
A giant cockroach is nearby!
A giant cockroach is nearby!
Aim: a giant cockroach (clinging, resting)
The zap hits the giant cockroach.
Aim: a giant cockroach (moderately wounded, clinging)
The zap hits the giant cockroach.
You kill the giant cockroach!
You can't see any susceptible monsters within range! (Use Z to cast anyway.)
You can't see any susceptible monsters within range! (Use Z to cast anyway.)
Found a stone staircase leading down.
You now have 49 gold pieces (gained 7).
There is a stone staircase leading down here.
Found a scroll labeled TUSEIBRUECH.
All of the chunks of flesh in your inventory have rotted away.
k - a scroll labeled TUSEIBRUECH You fall into a shaft and drop 2 floors!
The shaft crumbles and collapses.
You hear the hiss of flowing sand.
There is an entrance to an ossuary on this level.
Hurry and find it before the portal is buried!
A centaur skeleton comes into view.
Found a helmet.
Aim: a centaur skeleton (resting)
The zap hits the centaur skeleton.
Aim: a centaur skeleton (lightly damaged)
The zap hits the centaur skeleton.
Aim: a centaur skeleton (lightly damaged)
You miscast Shock.
You are very lightly contaminated with residual magic.
The wind howls around you!
Aim: a centaur skeleton (lightly damaged)
The zap hits the centaur skeleton.
Aim: a centaur skeleton (moderately damaged)
The zap hits the centaur skeleton.
The centaur skeleton hits you.
Aim: a centaur skeleton (heavily damaged)
The zap hits the centaur skeleton.
The centaur skeleton hits you!
* * * LOW HITPOINT WARNING * * *
You are too injured to fight recklessly!
You are too injured to fight recklessly!
You are too injured to fight recklessly!
You are too injured to fight recklessly!
You are too injured to fight recklessly!
You hit the centaur skeleton.
The centaur skeleton closely misses you.
You hit the centaur skeleton. The centaur skeleton hits you.
* * * LOW HITPOINT WARNING * * *
You hit the centaur skeleton. The centaur skeleton hits you!
You die...

........#
........#
........#
........#
...[....+
........#
......Z.#
#@# #.#
#.# #..
####


You could see a centaur skeleton.

Vanquished Creatures
  An adder (D:2)
  A dart slug (D:1)
  2 leopard geckos
  4 giant cockroaches
  3 hobgoblins (D:1)
  4 jackals (D:1)
  7 kobolds (D:1)
  A ball python (D:1)
  3 bats (D:1)
  5 frilled lizards (D:1)
  3 goblins (D:1)
  9 rats (D:1)
43 creatures vanquished.

Notes
Turn   | Place    | Note
-------+----------+-------------------------------------------
     0 | D:1      | vurker the Octopode Air Elementalist began the quest for
                  | the Orb.
     0 | D:1      | Reached XP level 1. HP: 11/11 MP: 3/3
   262 | D:1      | Reached XP level 2. HP: 17/17 MP: 3/5
   456 | D:1      | Found a shattered altar of Ashenzari.
   667 | D:1      | Reached XP level 3. HP: 22/22 MP: 3/6
  1751 | D:2      | You fall into a shaft and drop 2 floors!
  1761 | D:4      | Slain by a centaur skeleton

Levels and vault maps discovered:
D:1:      sevenhm_arrival_forest_fort_large_1, layout_loops_ring,
          nicolae_ashenzari_panopticon
D:2:      layout_loops_ring, cheibriados_altar_1, old_standard_altar,
          lemuel_crystal_altar, lemuel_crystal_altar, first_ration
D:4:      layout_basic, gammafunk_ghost_mausoleum,
          nicolae_ossuary_entry_false_entrances

Skill      XL: |  1  2  3 |
---------------+----------+-----
Conjurations   | 2 |  2.1
Fighting       | |  0.8
Dodging        | |  2.0
Stealth        | |  2.6
Spellcasting   | |  2.6
Air Magic      | |  3.5

Action                   || total
-------------------------++-------
Melee: Dagger            ||    15
       Constrict         ||     3
       Tentacles         ||     3
 Cast: Shock             ||    83
  Eat: Chunk             ||     3
Armor: Skin              ||     2
Dodge: Dodged            ||    17
